 Dungeon Crawl Stone Soup version 0.29-a0-802-g34511f41fd (webtiles) character file.

Game seed: 3704892567585100481

26 dranuc9 the Conjurer (level 2, -1/14 (15) HPs)
             Began as a Deep Elf Conjurer on July 3, 2022.
             Slain by a hobgoblin (7 damage)
             ... led by Robin
             ... on level 1 of the Dungeon.
             The game lasted 00:09:39 (2159 turns).

dranuc9 the Conjurer (Deep Elf Conjurer)            Turns: 2159, Time: 00:09:39

HP:   -1/14 (15)    AC:  2    Str:  4    XL:     2   Next: 89%
MP:   1/8           EV: 12    Int: 22    God:
Gold: 67            SH:  0    Dex: 13    Spells: 4/7 levels left

rFire   . . .      SeeInvis .   i - +1 dagger (venom)
rCold   . . .      Faith    .   (no shield)
rNeg    . . .      Spirit   .   a - +0 robe
rPois   .          Reflect  .   (no helmet)
rElec   .          Harm     .   (no cloak)
rCorr   .          Rampage  .   (no gloves)
Will    .....                   (no boots)
Stlth   ++........              (no amulet)
HPRegen 0.04/turn               (no ring)
MPRegen 0.11/turn               (no ring)

@: drained
A: no striking features
a: no special abilities


You were on level 1 of the Dungeon.
You visited 1 branch of the dungeon, and saw 2 of its levels.

You collected 67 gold pieces.

Inventory:

Hand Weapons
 i - a +1 dagger of venom (weapon)
Missiles
 f - 4 poisoned darts
Armour
 a - a +0 robe (worn)
Scrolls
 d - a scroll of fear {unknown}
 g - a scroll of fog {unknown}
 k - a scroll of magic mapping {unknown}
 l - a scroll of brand weapon {unknown}
Potions
 b - a potion of magic
 c - a potion of degeneration {unknown}
 e - 3 potions of curing
 h - 2 potions of berserk rage {unknown}
 j - a potion of lignification {unknown}


   Skills:
 + Level 2.7 Dodging
 + Level 2.5 Stealth
 + Level 3.3 Spellcasting
 + Level 5.1 Conjurations


You had 4 spell levels left.
You knew the following spells:

 Your Spells              Type           Power      Damage    Failure   Level
a - Magic Dart            Conj           100%       1d8       1%          1
b - Searing Ray           Conj           52%        2d6       2%          2

Your spell library contained the following spells:

 Spells                   Type           Power      Damage    Failure   Level
 Dazzling Flash           Conj/Hex       28%        N/A       13%         3
 Sublimation of Blood     Necr           3%         N/A       19%         2
 Wereblood                Tmut           3%         N/A       19%         2
 Fulminant Prism          Conj/Hex       7%         3d7       38%         4
 Iskenderun's Mystic Bla  Conj/Tloc      14%        2d5       38%         4
 Summon Hydra             Summ           1%         N/A       100%        7


Dungeon Overview and Level Annotations

Branches:
Dungeon (2/15)

Altars:

Shops:
D:1 :

Annotations:
D:2 Robin, Sigmund


Message History

The searing ray hits the goblin!
You kill the goblin!
The searing ray hits the hobgoblin.
The hobgoblin is almost dead. (Press . to maintain the ray.)
The goblin barely misses you. x2
Casting: Searing Ray (safe; 2% risk of failure)
Confirm with . or Enter, or press ? or * to list all spells.
Restarting spell: Searing Ray (safe; 2% risk of failure)
Press: ? - help, Shift-Dir - straight line, f - goblin
Aim: a goblin, wielding a +0 club (74% to hit)
The searing ray hits the goblin.
You kill the goblin! (Press . to maintain the ray.)
The hobgoblin barely misses you. The goblin hits you with a +0 club.
Casting: Searing Ray (safe; 2% risk of failure)
Confirm with . or Enter, or press ? or * to list all spells.
Restarting spell: Searing Ray (safe; 2% risk of failure)
Press: ? - help, Shift-Dir - straight line, f - Robin
Aim: Robin, wielding a +0 trident, wearing a +0 animal skin, wearing a +0 helmet and carrying a wand of flame (29) (85% to hit)
The searing ray hits the goblin.
You kill the goblin!
The searing ray hits Robin!
Robin is heavily wounded. (Press . to maintain the ray.)
The hobgoblin hits you but does no damage.
Robin drinks a potion.
Robin is healed!
The hobgoblin closely misses you.
Robin roars a battlecry!
The hobgoblin goes into a battle-frenzy!
You climb upwards.
There is a stone staircase leading down here.
Casting: Searing Ray (safe; 2% risk of failure)
Confirm with . or Enter, or press ? or * to list all spells.
You don't have enough magic to cast this spell.
The hobgoblin attacks as you move away! The hobgoblin misses you.
The hobgoblin attacks as you move away! The hobgoblin closely misses you.
The hobgoblin attacks as you move away! The hobgoblin hits you!
Ouch! That really hurt!
You die...

..#♣♣....♣♣####.#######.####.....
### ♣♣♣♣♣♣ ##.## #.# #..##. ####
#...######.####..##. #).#
#>..))...........##. #..#
#...######)####..##. #..# ##.##
#.......... #..# #.# #.####..###
#..# #g#######.#.......# #..#
#.@.......#.#####.# #..#
#####.......# #.# #..# #.###...#
#.. #..# #.###...## #.#
#..#########.##.....####.#
########..#.........###.........#
..........#.######### ##.###.####
.#######....# ### #.# .# ##.###
#.#


You could see a hobgoblin (strong).

Vanquished Creatures
  An endoplasm (D:1)
  2 giant cockroaches (D:1)
  10 goblins
  2 hobgoblins
  A ball python (D:1)
  A bat (D:1)
  3 frilled lizards (D:1)
  3 kobolds (D:1)
  2 rats (D:1)
25 creatures vanquished.

Notes
Turn   | Place    | Note
-------+----------+-------------------------------------------
     0 | D:1      | dranuc9 the Deep Elf Conjurer began the quest for the Orb.
     0 | D:1      | Reached XP level 1. HP: 10/10 MP: 6/6
   346 | D:1      | Found Uplain's Vocational Training.
   467 | D:1      | Reached XP level 2. HP: 15/15 MP: 5/8
   470 | D:1      | Learned a level 2 spell: Searing Ray
   607 | D:1      | Found a faded altar of an unknown god.
  1038 | D:2      | Noticed Sigmund
  1536 | D:2      | Noticed Robin
  2149 | D:2      | Reached skill level 5 in Conjurations
  2159 | D:1      | Slain by a hobgoblin

Illustrated notes

Levels and vault maps discovered:
D:1:      evilmike_arrival_crescent, layout_loops_ring, basic_ecumenical_altar,
          kennysheep_another_room, nicolae_shop_vocational
D:2:      layout_loops_corners, minmay_misc_feat_rugged, kennysheep_minor_cross,
          dreamdust_princess_corridor, minmay_distorted, uniq_sigmund,
          uniq_jessica, uniq_robin

Skill      XL: |  1  2 |
---------------+-------+-----
Conjurations   | 5 |  5.1
Dodging        | |  2.7
Stealth        | |  2.5
Spellcasting   | |  3.3

Action                   || total
-------------------------++-------
 Cast: Magic Dart        ||    34
       Searing Ray       ||     8
Armor: Robe              ||     5
Dodge: Dodged            ||    14

Table legend: (Time is in decaauts)
 A = Elapsed time spent in this place.
 B = Non-inter-level travel time spent in this place.
 C = Inter-level travel time spent in this place.
 D = Time resting spent in this place.
 E = Time spent auto-exploring this place.
 F = Levels seen in this place.
 G = Mean time per level.
                   A        B        C        D        E       F      G
               +--------+--------+--------+--------+--------+-----+--------+
         Total |   2162 |   1959 |    203 |    907 |    886 |   2 | 1081.0 |
       Dungeon |   2162 |   1959 |    203 |    907 |    886 |   2 | 1081.0 |
               +--------+--------+--------+--------+--------+-----+--------+

Top non-repeatable levels by time:
     D:1: 2038 daAuts
     D:2: 124 daAuts
